 Dungeon Sprint DCSS version 0.29-a0-459-g97dee8cd24 (webtiles) character file.

Game seed: 13123182123627962635

645 mhtbhm the Carver (level 7, -4/69 HPs)
             Began as a Yellow Draconian Berserker on May 20, 2022.
             Was an Elder of Trog.
             Slain by a killer bee (5 damage)
             ... in the Dungeon (Sprint IV: "Fedhas' Mad Dash").
             The game lasted 00:01:53 (1128 turns).

mhtbhm the Carver (Yellow Draconian Berserker)      Turns: 1128, Time: 00:01:53

Health: -4/69      AC:  6    Str: 21    XL:     7   Next: 27%
Magic:  7/7        EV: 14    Int:  7    God:    Trog [****..]
Gold:   82         SH:  0    Dex: 11    Spells: 6/6 levels left

rFire   . . .      SeeInvis .   a - +0 falchion
rCold   . . .      Faith    .   (no shield)
rNeg    . . .      Spirit   .   (body armour unavailable)
rPois   .          Reflect  .   (helmet restricted)
rElec   .          Harm     .   (no cloak)
rCorr   +          Rampage  .   (no gloves)
Will    .....      NoTele   +   (no boots)
Stlth   +++.......              h - amulet of invisibility {+Inv}
HPRegen 0.21/turn               (no ring)
MPRegen 0.10/turn               (no ring)

@: lethally poisoned (-4 -> -8), on berserk cooldown, very slightly
contaminated, hasted and slowed
A: spit acid, AC +6, unfitting armour, cold-blooded, acid resistance
a: Breathe Acid, Renounce Religion, Evoke Invisibility, Berserk, Trog's Hand,
Brothers in Arms


You were in the Dungeon.
You worshipped Trog.
Trog was greatly pleased with you.
You visited 1 branch You collected 82 gold pieces.

Inventory:

Hand Weapons
 a - a +0 falchion (weapon)
Jewellery
 h - the amulet of invisibility (around neck) {+Inv}
   (You found it in the Dungeon)

   [amulet of nothing]

   +Inv:      It lets you turn invisible.
Scrolls
 i - a scroll of identify {unknown}
Potions
 e - 2 potions of magic
 f - a potion of berserk rage


   Skills:
 + Level 8.9 Fighting
 + Level 9.8 Long Blades
 + Level 7.8 Dodging
 + Level 4.8 Stealth
 + Level 4.2 Evocations


You had 6 spell levels left.
You didn't know any spells.
Your spell library was empty.

Dungeon Overview and Level Annotations

Branches:
Dungeon (1/1)

Altars:
Cheibriados
Dithmenos
Elyvilon
Gozag
Hepliaklqana
Kikubaaqudgha
Makhleb
Nemelex Xobeh
Okawaru
Qazlal
Ru
Sif Muna
Trog
Uskayaw
Vehumet
Wu Jian
Xom
Yredelemnul
Zin
The Shining One
Beogh
Jiyva
Lugonu

Shops:
D (!


Innate Abilities, Weirdness & Mutations

You can spit globs of acid.
Your golden yellow scales are hard. (AC +6)
You cannot fit into any form of body armour.
You are cold-blooded and may be slowed by cold attacks.
You are resistant to acid. (rCorr)


Message History

The killer bee closely misses you. x3; The killer bee stings you.
The killer bee completely misses you.
Unknown command.
Unknown command.
You slash the killer bee!
You kill the killer bee!
Trog accepts your kill. The killer bee stings you!
* * * LOW HITPOINT WARNING * * *
Your Evocations skill increases to level 4!
Unknown command.
Unknown command.
You hit the killer bee.
You kill the killer bee!
Trog accepts your kill. The killer bee closely misses you.
The killer bee misses you.
Unknown command.
You hit the killer bee.
The killer bee is moderately wounded.
The killer bee closely misses you. The killer bee misses you.
The killer bee closely misses you.
You closely miss the killer bee.
The killer bee is moderately wounded.
The killer bee stings you.
* * * LOW HITPOINT WARNING * * *
The killer bee stings you!
* * * LOW HITPOINT WARNING * * *
You are lethally poisoned!
The killer bee poisons you!
You feel yourself speed up.
You have got your breath back.
* * * LOW HITPOINT WARNING * * *
You feel very sick. The killer bee closely misses you.
The killer bee barely misses you. x2
Unknown command.
You miss the killer bee.
Your tail-slap misses the killer bee.
The killer bee is moderately wounded.
* * * LOW HITPOINT WARNING * * *
You feel sick. The killer bee stings you.
You die...

###############################
#<...#.....#.....#.⌠._._._._.⌠.
#PP.÷'.....'.#)(.'.._._._._._..
#PPPP#.....#.#...#..._._._._...
###############'##.._._._._._..
#...♣........y@..#._._._._._.⌠.
#..†...♣.....#†..##############
#...y.♣..♣..######
##+####+#####


You could see a killer bee.

Vanquished Creatures
  A queen bee (D)
  2 scorpions (D)
  3 killer bees (D)
  4 oklob saplings (D)
  2 spriggans (D)
  A river rat (D)
  A rat (D)
14 creatures vanquished.

Vanquished Creatures (others)
  A fungus (D)
1 creature vanquished.

Grand Total: 15 creatures vanquished

Notes
Turn   | Place    | Note
-------+----------+-------------------------------------------
     0 | D        | mhtbhm the Draconian Berserker began the quest for the Orb.
     0 | D        | Reached XP level 1. HP: 19/19 MP: 1/1
    15 | D        | Reached XP level 2. HP: 16/27 MP: 2/2
   284 | D        | Noticed an oklob sapling
   286 | D        | Killed an oklob sapling
   286 | D        | Reached ** piety under Trog
   287 | D        | Reached skill level 5 in Fighting
   287 | D        | Reached skill level 4 in Long Blades
   287 | D        | Reached XP level 3. HP: 36/36 MP: 3/3
   321 | D        | Noticed a scorpion
   321 | D        | Found the amulet of invisibility {+Inv}
   328 | D        | Killed a scorpion
   329 | D        | Reached skill level 6 in Long Blades
   329 | D        | Reached skill level 5 in Dodging
   329 | D        | Reached XP level 4. HP: 45/45 MP: 4/4
   472 | D        | Found an opulent altar of Gozag.
   472 | D        | Found a hazy altar of Hepliaklqana.
   472 | D        | Found a burning altar of Makhleb.
   472 | D        | Found a sparkling altar of Nemelex Xobeh.
   472 | D        | Found a snail-covered altar of Cheibriados.
   472 | D        | Found a sacrificial altar of Ru.
   472 | D        | Found a shimmering blue altar of Sif Muna.
   472 | D        | Found a shimmering altar of Xom.
   472 | D        | Found a basalt altar of Yredelemnul.
   473 | D        | Found a viscous altar of Jiyva.
   473 | D        | Found a bloodstained altar of Trog.
   473 | D        | Found an ornate altar of the Wu Jian Council.
   474 | D        | Found an iron altar of Okawaru.
   474 | D        | Found a shadowy altar of Dithmenos.
   474 | D        | Found a glowing silver altar of Zin.
   475 | D        | Found an ancient bone altar of Kikubaaqudgha.
   475 | D        | Found a hide-covered altar of Uskayaw.
   476 | D        | Found a stormy altar of Qazlal.
   476 | D        | Found a white marble altar of Elyvilon.
   476 | D        | Found a glowing golden altar of the Shining One.
   477 | D        | Found a corrupted altar of Lugonu.
   477 | D        | Found a radiant altar of Vehumet.
   488 | D        | Reached XP level 5. HP: 23/52 MP: 3/5
   709 | D        | Reached skill level 7 in Long Blades
   709 | D        | Reached skill level 1 in Stealth
   709 | D        | Reached skill level 1 in Evocations
   876 | D        | Reached *** piety under Trog
   879 | D        | Reached skill level 8 in Long Blades
   884 | D        | Reached XP level 6. HP: 61/61 MP: 6/6
   894 | D        | Found Dotef's Distillery.
   894 | D        | Found Xariq's Antique Weapon Emporium.
  1091 | D        | Noticed a queen bee
  1110 | D        | Killed a queen bee
  1110 | D        | Reached **** piety under Trog
  1111 | D        | Reached skill level 9 in Long Blades
  1111 | D        | Your scales start taking on a golden yellow colour.
  1111 | D        | Reached XP level 7. HP: 41/69 MP: 5/7
  1111 | D        | Gained mutation: You are resistant to acid. (rCorr) [Yellow
                  | Draconian growth]
  1127 | D        | HP: 3/69 [poisoned by a killer bee]
  1128 | D        | HP: 1/69 [poisoned by a killer bee]
  1128 | D        | Slain by a killer bee

Illustrated notes

Levels and vault maps discovered:
D:        dungeon_sprint_fedhas [sprint_temple]

Skill      XL: |  1  2  3  4  5  6  7 |
---------------+----------------------+-----
Fighting       | 4 5 6 7 8 |  8.9
Dodging        | 3 4 5 6 7 |  7.8
Long Blades    | 4 6 8 9 |  9.8
Stealth        | 2 4 |  4.8
Evocations     | 2 3 4 |  4.2

Action                   |  1- 3 |  4- 6 |  7- 9 || total
-------------------------+-------+-------+-------++-------
Melee: Falchion          |    13 |    45 |    10 ||    68
       Tailslap          |     2 |     4 |     1 ||     7
       Punch             |       |     1 |       ||     1
Invok: Berserk           |     3 |     4 |       ||     7
 Abil: Evoke Invisibilit |       |     4 |       ||     4
       Breathe Acid      |       |       |     1 ||     1
  Use: Potion            |       |       |     3 ||     3
       Scroll            |       |       |     1 ||     1
 Stab: Invisible         |       |     3 |       ||     3
       Sleeping          |       |     3 |       ||     3
Armor: Skin              |     1 |     2 |     3 ||     6
Dodge: Dodged            |     5 |    27 |    32 ||    64

Table legend: (Time is in decaauts)
 A = Elapsed time spent in this place.
 B = Non-inter-level travel time spent in this place.
 C = Inter-level travel time spent in this place.
 D = Time resting spent in this place.
 E = Time spent auto-exploring this place.
 F = Levels seen in this place.
 G = Mean time per level.
                   A        B        C        D        E       F      G
               +--------+--------+--------+--------+--------+-----+--------+
         Total |   1184 |   1184 |      0 |    957 |      3 |   1 | 1184.0 |
       Dungeon |   1184 |   1184 |      0 |    957 |      3 |   1 | 1184.0 |
               +--------+--------+--------+--------+--------+-----+--------+

Top non-repeatable levels by time:
       D: 1184 daAuts
